 Dungeon Crawl Stone Soup version 0.28-a0-823-gb444dcf96d (webtiles) character file.

Game seed: 6683754009957748744

1316 Gargoyl the Skirmisher (level 8, -4/60 HPs)
             Began as a Gnoll Abyssal Knight on Nov 10, 2021.
             Was a Believer of Lugonu.
             Slain by Duvessa (5 damage)
             ... on level 5 of the Dungeon.
             The game lasted 00:12:19 (7964 turns).

Gargoyl the Skirmisher (Gnoll Abyssal Knight)       Turns: 7964, Time: 00:12:21

Health: -4/60      AC: 16    Str: 16    XL:     8   Next: 59%
Magic:  22/22      EV: 10    Int: 12    God:    Lugonu [**....]
Gold:   440        SH:  0    Dex: 13    Spells: 13/13 levels left

rFire   + . .      SeeInvis .   e - +2 dagger (venom)
rCold   + . .      Faith    .   (no shield)
rNeg    . . .      Spirit   .   h - +0 plate armour
rPois   +          Reflect  .   z - +0 helmet
rElec   +          Harm     .   A - +0 cloak
rCorr   +          Rampage  .   c - +0 pair of gloves
Will    .....      Rnd*Tele +   (no boots)
Stlth   ..........              j - amulet of the acrobat
HPRegen 0.20/turn               m - ring of magical power
MPRegen 0.18/turn               p - +4 ring of evasion

@: lethally poisoned (-4 -> -12), resistant
A: fangs 1, strong nose, distributed training, clever 1, frail 1, strong 1,
teleportitis 1
a: Renounce Religion, Depart the Abyss, Bend Space


You were on level 5 of the Dungeon.
You worshipped Lugonu.
Lugonu was pleased with you.
You visited 1 branch of the dungeon, and saw 6 of its levels.
You visited the Abyss 1 time.
You also visited: Ossuary.

You collected 440 gold pieces.

Inventory:

Hand Weapons
 a - a +1 hand axe
 e - a +2 dagger of venom (weapon)
 C - a +1 halberd of flaming
Missiles
 i - 18 poisoned darts (quivered)
Armour
 c - a +0 pair of gloves (worn)
 h - a +0 plate armour (worn)
 z - a +0 helmet (worn)
 A - a +0 cloak (worn)
Jewellery
 j - an amulet of the acrobat (around neck)
 m - a ring of magical power (left hand)
 p - a +4 ring of evasion (right hand)
 B - an amulet of faith
Wands
 l - a wand of acid (9)
 y - a wand of paralysis (6)
Scrolls
 d - a scroll of amnesia {unknown}
 f - 5 scrolls of identify
 n - 2 scrolls of teleportation
 o - 2 scrolls of magic mapping {unknown}
 s - a scroll of immolation {unknown}
 w - 2 scrolls of fog
Potions
 g - a potion of lignification {unknown}
 k - a potion of might {unknown}
 t - a potion of invisibility {unknown}
 v - a potion of berserk rage {unknown}


   Skills:
 + Level 7.4 Fighting
 + Level 3.4 Short Blades
 + Level 3.4 Long Blades
 + Level 5.7 Axes
 + Level 3.4 Maces & Flails
 + Level 3.4 Polearms
 + Level 3.4 Staves
 + Level 3.4 Slings
 + Level 3.4 Bows
 + Level 3.4 Crossbows
 + Level 3.4 Throwing
 + Level 5.7 Armour
 + Level 4.3 Dodging
 + Level 3.4 Stealth
 + Level 3.4 Shields
 + Level 3.4 Unarmed Combat
 + Level 3.4 Spellcasting
 + Level 2.7 Conjurations
 + Level 2.7 Hexes
 + Level 2.7 Summonings
 + Level 2.7 Necromancy
 + Level 2.7 Translocations
 + Level 2.7 Transmutations
 + Level 2.7 Fire Magic
 + Level 2.7 Ice Magic
 + Level 2.7 Air Magic
 + Level 2.7 Earth Magic
 + Level 2.7 Poison Magic
 + Level 6.0 Invocations
 + Level 3.4 Evocations


You had 13 spell levels left.
You didn't know any spells.
Your spell library was empty.

Dungeon Overview and Level Annotations

Branches:
Dungeon (6/15)             Temple (0/1) D:5         Ossuary (visited)

Altars:
Ashenzari
Elyvilon
Sif Muna
Yredelemnul

Annotations:
D:5 Duvessa


Innate Abilities, Weirdness & Mutations

You have very sharp teeth.
Your uncanny sense of smell can sniff out nearby items.
Your experience applies equally to all skills.
Your mind is acute. (Int +2)
You are frail. (-10% HP)
Your muscles are strong. (Str +2)
You are occasionally teleported next to monsters.


Message History

You are more poisoned.
Unknown command.
You feel much better.
You feel very sick. Duvessa closely misses you.
You feel very sick. Duvessa misses you.
You feel sick. Duvessa completely misses you.
You feel sick.
Duvessa rages.
You feel sick. Duvessa hits you but does no damage.
You are more poisoned.
You feel very sick.
You feel sick.
Duvessa hits you with a +0 short sword of venom!
You are more poisoned.
* * * LOW HITPOINT WARNING * * *
You feel very sick.
Duvessa rages.
Unknown command.
Okay, then.
* * * LOW HITPOINT WARNING * * *
You feel very sick. Duvessa barely misses you.
You see here a poisoned dart.
You feel protected.
* * * LOW HITPOINT WARNING * * *
You feel very sick.
Duvessa hits you with a +0 short sword of venom.
* * * LOW HITPOINT WARNING * * *
Unknown command.
Okay, then.
It was a potion of mutation.
You feel extremely strange.
You feel frail.
You feel stronger.
You feel weirdly uncertain.
You feel clever.
* * * LOW HITPOINT WARNING * * *
You feel sick.
Duvessa hits you with a +0 short sword of venom.
* * * LOW HITPOINT WARNING * * *
Duvessa hits you with a +0 short sword of venom.
You die...

.##.##....##................##.#
.##.##.##.##..###..8#####.####.#
....##.##.##..# #..># #.......#
..............###.#8# ##.######
..................### #.#...#
(......#.####.##..########<.###
....##.#.# #.##.###........####
.....(...# #.##e# #####.......#
.......#.####.##@# #.#..##.#
###.#.......#.##.# ####....##.# #
#..............####.......##.##
###.#.......(....................
....#.##.#.#.....####>#####.##.##
#.#......#..###..# #.# #.##.#
#.#...........#..####.# ####.#
..#..(...#............# #.#
............#.#..###### #.#


You could see Duvessa (berserk).

Vanquished Creatures
  2 water moccasins (D:5)
  An ogre (D:4)
  A necrophage (D:5)
  A centaur (D:5)
  A water moccasin zombie (D:3)
  2 scorpions (D:5)
  Dowan (D:6)
  An orc priest (D:5)
  A hound (D:6)
  A jelly (D:4)
  A gnoll shaman (D:5)
  2 iguanas
  An orc wizard (D:3)
  8 mummies (Ossuary)
  8 gnolls
  4 adders
  A shadow imp (Abyss:1)
  An adder skeleton (D:4)
  A worm (D:2)
  3 dart slugs
  7 orcs
  4 bats
  5 endoplasms
  12 giant cockroaches
  8 goblins
  7 hobgoblins
  6 jackals (D:1)
  3 quokkas
  10 ball pythons
  2 frilled lizards
  A gnoll zombie (Ossuary)
  A hobgoblin zombie (Ossuary)
  10 kobolds
  4 kobold zombies (Ossuary)
  2 orc zombies (Ossuary)
  4 rats
128 creatures vanquished.

Vanquished Creatures (others)
  2 plants (D:6)
2 creatures vanquished.

Grand Total: 130 creatures vanquished

Notes
Turn   | Place    | Note
-------+----------+-------------------------------------------
     0 | Abyss:1  | Gargoyl the Gnoll Abyssal Knight began the quest for the
                  | Orb.
     0 | Abyss:1  | Reached XP level 1. HP: 23/23 MP: 3/3
   131 | Abyss:1  | HP: 1/23 [shadow imp (4)]
   133 | Abyss:1  | Reached XP level 2. HP: 1/29 MP: 5/5
   185 | Abyss:1  | Noticed a small abomination
   194 | Abyss:1  | HP: 1/29 [ufetubus (3)]
   195 | D:1      | Escaped the Abyss
   681 | D:1      | Reached * piety under Lugonu
   690 | D:1      | Reached XP level 3. HP: 15/35 MP: 6/6
   909 | D:1      | Found a faded altar of an unknown god.
  1695 | D:2      | Reached skill level 1 in Short Blades
  1695 | D:2      | Reached skill level 1 in Long Blades
  1695 | D:2      | Reached skill level 1 in Maces & Flails
  1695 | D:2      | Reached skill level 1 in Polearms
  1695 | D:2      | Reached skill level 1 in Staves
  1695 | D:2      | Reached skill level 1 in Slings
  1695 | D:2      | Reached skill level 1 in Bows
  1695 | D:2      | Reached skill level 1 in Crossbows
  1695 | D:2      | Reached skill level 1 in Throwing
  1695 | D:2      | Reached skill level 1 in Stealth
  1695 | D:2      | Reached skill level 1 in Shields
  1695 | D:2      | Reached skill level 1 in Unarmed Combat
  1695 | D:2      | Reached skill level 1 in Spellcasting
  1695 | D:2      | Reached skill level 1 in Evocations
  1939 | D:2      | Reached XP level 4. HP: 41/41 MP: 7/7
  2056 | D:2      | Reached skill level 1 in Conjurations
  2056 | D:2      | Reached skill level 1 in Hexes
  2056 | D:2      | Reached skill level 1 in Summonings
  2056 | D:2      | Reached skill level 1 in Necromancy
  2056 | D:2      | Reached skill level 1 in Translocations
  2056 | D:2      | Reached skill level 1 in Transmutations
  2056 | D:2      | Reached skill level 1 in Fire Magic
  2056 | D:2      | Reached skill level 1 in Ice Magic
  2056 | D:2      | Reached skill level 1 in Air Magic
  2056 | D:2      | Reached skill level 1 in Earth Magic
  2056 | D:2      | Reached skill level 1 in Poison Magic
  2493 | D:2      | Reached ** piety under Lugonu
  2500 | D:2      | Reached XP level 5. HP: 46/47 MP: 8/8
  2749 | D:3      | Found a white marble altar of Elyvilon.
  3095 | D:3      | Reached skill level 5 in Invocations
  3095 | D:3      | Reached XP level 6. HP: 42/53 MP: 9/9
  3794 | D:4      | Reached skill level 5 in Axes
  3794 | D:4      | Reached skill level 5 in Armour
  3980 | D:4      | Found a sand-covered staircase.
  4006 | Ossuary  | Entered an ossuary
  4059 | Ossuary  | Reached XP level 7. HP: 14/59 MP: 10/10
  4647 | Ossuary  | Reached skill level 7 in Fighting
  5604 | D:5      | Entered Level 5 of the Dungeon
  5628 | D:5      | HP: 3/60 [poisoned by a water moccasin]
  6254 | D:5      | Found a staircase to the Ecumenical Temple.
  6318 | D:5      | Reached XP level 8. HP: 16/67 MP: 12/12
  6975 | D:5      | Reached *** piety under Lugonu
  7291 | D:5      | Found a shimmering blue altar of Sif Muna.
  7462 | D:5      | Found a basalt altar of Yredelemnul.
  7494 | D:5      | Found a broken altar of Ashenzari.
  7788 | D:6      | Noticed Dowan
  7800 | D:6      | Killed Dowan
  7800 | D:6      | Noticed Duvessa
  7964 | D:5      | Gained mutation: You are frail. (-10% HP) [potion of
                  | mutation]
  7964 | D:5      | Gained mutation: Your muscles are strong. (Str +2) [potion
                  | of mutation]
  7964 | D:5      | Gained mutation: You are occasionally teleported next to
                  | monsters. [potion of mutation]
  7964 | D:5      | Gained mutation: Your mind is acute. (Int +2) [potion of
                  | mutation]
  7964 | D:5      | HP: 1/60 [Duvessa (4)]
  7964 | D:5      | Slain by Duvessa

Illustrated notes

Levels and vault maps discovered:
D:1:      minmay_arrival_split_and_join, layout_rooms,
          hellmonk_ecumenical_altar_zigzags, minmay_tetromino_l2
D:2:      minmay_roachtagon, layout_basic
D:3:      layout_rooms, nicolae_elyvilon_peaceful_grove
D:4:      layout_basic, enter_ossuary_1, nicolae_underground_beach
D:5:      layout_basic, lemuel_blue_sif_altar, mainiacjoe_overflow_two_lobes,
          temple_statues
D:6:      layout_basic, serial_bayou, serial_bayou_lake_a, serial_bayou_pond_e,
          serial_bayou_shore_b, serial_bayou_shore_a, uniq_duvessa

Skill      XL: |  1  2  3  4  5  6  7  8 |
---------------+-------------------------+-----
Short Blades   | 1 2 3 |  3.4
Long Blades    | 1 2 3 |  3.4
Maces & Flails | 1 2 3 |  3.4
Polearms       | 1 2 3 |  3.4
Staves         | 1 2 3 |  3.4
Slings         | 1 2 3 |  3.4
Bows           | 1 2 3 |  3.4
Crossbows      | 1 2 3 |  3.4
Throwing       | 1 2 3 |  3.4
Stealth        | 1 2 3 |  3.4
Shields        | 1 2 3 |  3.4
Unarmed Combat | 1 2 3 |  3.4
Spellcasting   | 1 2 3 |  3.4
Evocations     | 1 2 3 |  3.4
Conjurations   | 1 2 |  2.7
Hexes          | 1 2 |  2.7
Summonings     | 1 2 |  2.7
Necromancy     | 1 2 |  2.7
Translocations | 1 2 |  2.7
Transmutations | 1 2 |  2.7
Fire Magic     | 1 2 |  2.7
Ice Magic      | 1 2 |  2.7
Air Magic      | 1 2 |  2.7
Earth Magic    | 1 2 |  2.7
Poison Magic   | 1 2 |  2.7
Dodging        | 3 4 |  4.3
Invocations    | 5 6 |  6.0
Axes           | 5 |  5.7
Armour         | 5 |  5.7
Fighting       | 7 |  7.4

Action                   |  1- 3 |  4- 6 |  7- 9 || total
-------------------------+-------+-------+-------++-------
Melee: Hand axe          |    81 |    27 |   133 ||   241
       Bite              |     9 |    28 |    24 ||    61
       Dagger            |    28 |   185 |   119 ||   332
       Punch             |       |     1 |     1 ||     2
Throw: Dart              |       |     2 |     9 ||    11
Invok: Depart the Abyss  |     1 |       |       ||     1
       Bend Space        |       |       |     1 ||     1
       Banish            |       |       |     1 ||     1
  Use: Scroll            |       |     5 |       ||     5
       Potion            |       |     3 |     7 ||    10
Armor: Leather armour    |    36 |       |       ||    36
       Plate armour      |    14 |   132 |   118 ||   264
Dodge: Dodged            |    69 |    68 |   130 ||   267

Table legend: (Time is in decaauts)
 A = Elapsed time spent in this place.
 B = Non-inter-level travel time spent in this place.
 C = Inter-level travel time spent in this place.
 D = Time resting spent in this place.
 E = Time spent auto-exploring this place.
 F = Levels seen in this place.
 G = Mean time per level.
                   A        B        C        D        E       F      G
               +--------+--------+--------+--------+--------+-----+--------+
         Total |   7904 |   7729 |    175 |    751 |   5537 |   8 |  988.0 |
       Dungeon |   6678 |   6503 |    175 |    532 |   4740 |   6 | 1113.0 |
         Abyss |    196 |    196 |      0 |      0 |    168 |   1 |  196.0 |
       Ossuary |   1028 |   1028 |      0 |    219 |    628 |   1 | 1028.0 |
               +--------+--------+--------+--------+--------+-----+--------+

Top non-repeatable levels by time:
     D:5: 2298 daAuts
     D:1: 1485 daAuts
     D:4: 1046 daAuts
 Ossuary: 1028 daAuts
     D:2: 1010 daAuts
     D:3: 814 daAuts
 Abyss:1: 196 daAuts
     D:6: 24 daAuts
